Map: Vaani Research Station (Void)

Players

Fropez

  • Race: Protoss Protoss
  • League: Gold
  • Spawn Location: 12:00

Rdzm - Winner!

  • Race: Terran Terran
  • League: Gold
  • Spawn Location: 6:00

VOD

Have the link to the VOD?

Description

Time

  • Played on: Dec. 12, 2016, 4:58 p.m.
  • Length: 15:57
Show
View Real Time Build Order
Export as new Build Order

Fropez Protoss 

Build Orders: Oracle Opening 

Get SALT Encoding   

  12  0:02  Probe (Chrono Boost)  
  13  0:16  Pylon  
  13  0:18  Probe (Chrono Boost)  
  14  0:29  Probe (Chrono Boost)  
  14  0:35  Gateway  
  15  0:39  Probe (Chrono Boost)  
  16  0:45  Assimilator  
  16  0:51  Probe (Chrono Boost)  
  17  1:00  Pylon  
  17  1:01  Probe (Chrono Boost)  
  18  1:12  Probe (Chrono Boost)  
  19  1:23  Cybernetics Core  
  19  1:25  Gateway  
  19  1:29  Probe (Chrono Boost)  
  19  1:49  Probe (Chrono Boost)  
  21  2:02  Mothership Core (Chrono Boost)  
  22  2:09  Pylon, Assimilator  
  22  2:14  Adept  
  22  2:15  Adept  
  26  2:25  Pylon  
  26  2:46  Probe (Chrono Boost)  
  27  2:57  Probe (Chrono Boost), Stargate  
  28  3:07  Probe (Chrono Boost)  
  29  3:18  Nexus  
  29  3:23  Pylon  
  29  3:31  Warp Gate (Chrono Boost)  
  29  3:33  Stalker  
  31  3:43  Oracle  
  34  3:52  Stalker  
  36  4:00  Probe  
  37  4:15  Probe  
  38  4:17  Stalker  
  40  4:27  Probe  
  41  4:39  Probe  
  42  5:04  Oracle (Chrono Boost)  
  45  5:09  Assimilator  
  45  5:13  Gateway  
  45  5:14  Probe  
  45  5:15  Probe  
  45  5:16  Pylon  
  45  5:19  Assimilator  
  47  5:46  Stalker x2  
  52  5:50  Probe  
  52  5:55  Probe  
  52  5:56  Forge  
  53  6:01  Pylon  
  53  6:02  Probe  
  54  6:06  Pylon, Probe  
  54  6:08  Twilight Council, Pylon  
  55  6:12  Stalker x2  
  58  6:34  Oracle (Chrono Boost)  
  61  6:51  Protoss Ground Weapons Level 1 (Chrono Boost)  
  61  7:02  Stalker x2  
  65  7:11  Stalker  
  65  7:14  Probe  
  68  7:16  Blink (Chrono Boost)  
  68  7:21  Probe  
  68  7:22  Pylon  
  69  7:24  Pylon  
  69  7:54  Probe x2  
  71  8:06  Probe x2  
  71  8:11  Dark Shrine  
  71  8:12  Pylon, Robotics Facility  
  73  8:16  Adept x3  
  73  8:18  Probe x2  
  81  8:21  Nexus  
  81  8:30  Probe x2  
  83  8:42  Probe  
  83  8:47  Protoss Ground Weapons Level 2  
  84  8:50  Adept x3  
  90  8:56  Pylon  
  90  9:00  Pylon  
  90  9:04  Pylon  
  90  9:07  Pylon  
  90  9:08  Resonating Glaives (Chrono Boost)  
  90  9:09  Warp Prism (Chrono Boost)  
  92  9:26  Stalker  
  92  9:27  Stalker x2  
  98  9:35  Probe  
  98  9:36  Probe x2  
  101  9:47  Probe  
  101  9:48  Probe x2  
  104  9:55  Dark Templar  
  106  10:00  Probe  
  104  10:17  Dark Templar x2  
  104  10:18  Probe  
  104  10:19  Probe  
  104  10:20  Probe  
  109  10:23  Assimilator  
  109  10:27  Assimilator  
  109  10:32  Probe  
  110  10:36  Probe  
  110  10:38  Probe  
  112  10:49  Protoss Ground Armor Level 1  
  112  10:53  Stalker x3  
  118  11:03  Gateway x2  
  118  11:06  Gateway  
  118  11:07  Gateway  
  118  11:15  Probe  
  118  11:16  Probe x2  
  121  11:19  Adept x3  
  121  11:20  Robotics Bay, Templar Archives  
  121  11:23  Pylon  
  121  11:24  Pylon  
  125  11:51  Dark Templar x2  
  125  11:52  Dark Templar  
  99  12:45  Stalker x3  
  99  12:50  Extended Thermal Lance (Chrono Boost)  
  99  13:08  Nexus  
  99  13:11  Pylon  
  99  13:13  Pylon  
  99  13:15  Assimilator  
  99  13:19  Assimilator  
  99  13:24  Pylon  
  99  13:26  Pylon  
  97  13:29  Pylon  
  95  13:48  Stalker x6  
  101  13:49  Stalker  
  40  14:12  Dark Templar x5  
  40  14:13  Dark Templar x2  
  40  14:47  Dark Templar  
  32  15:23  Zealot  
Show
View Real Time Build Order
Export as new Build Order

Rdzm Terran - Winner!

Build Orders: MMM Bio 

Get SALT Encoding   

  12  0:00  SCV  
  13  0:13  SCV  
  14  0:19  Supply Depot  
  14  0:25  SCV  
  15  0:40  SCV  
  15  0:42  Barracks  
  16  0:51  Supply Depot  
  16  0:52  SCV  
  17  1:01  Refinery  
  17  1:04  SCV  
  17  1:08  Refinery  
  18  1:16  SCV  
  19  1:23  Supply Depot  
  19  1:28  Marine, SCV  
  21  1:46  Marine  
  22  1:53  SCV  
  23  2:01  Engineering Bay  
  23  2:05  Orbital Command, Barracks Tech Lab  
  23  2:13  Supply Depot  
  23  2:20  Factory  
  23  2:31  SCV  
  24  2:40  Marine  
  25  2:47  Barracks  
  25  2:55  SCV  
  26  3:02  Stimpack  
  26  3:03  Marine  
  27  3:33  Starport  
  27  3:35  Factory Reactor, Barracks  
  27  3:36  Marine  
  27  3:37  Command Center  
  28  3:44  Engineering Bay  
  28  4:08  Barracks Reactor  
  30  4:17  Marauder  
  30  4:30  Factory Tech Lab  
  30  4:31  Barracks Reactor  
  30  4:36  SCV  
  31  4:42  Medivac  
  31  4:43  Medivac  
  31  4:45  Marine x2  
  29  4:54  Missile Turret  
  25  5:10  Missile Turret  
  25  5:13  Missile Turret  
  25  5:14  Orbital Command  
  25  5:27  SCV  
  25  5:43  Marine  
  25  5:44  Marine x4  
  30  5:51  Cyclone  
  30  5:55  SCV  
  34  6:01  Marine  
  35  6:07  Missile Turret  
  35  6:08  SCV x2  
  37  6:22  Widow Mine  
  39  6:31  Marine x4  
  39  6:32  Marauder  
  45  6:37  SCV x2  
  46  6:47  Missile Turret  
  46  6:48  Marine  
  46  6:49  SCV x2  
  48  7:01  SCV  
  48  7:03  Marine x2  
  48  7:05  Missile Turret  
  51  7:10  SCV  
  51  7:13  SCV  
  53  7:21  Terran Infantry Weapons Level 1  
  53  7:22  SCV  
  54  7:26  Armory  
  55  7:30  SCV  
  55  7:34  SCV  
  56  7:52  Medivac x2  
  60  7:59  SCV x2  
  60  8:00  Missile Turret  
  62  8:08  Supply Depot  
  62  8:11  Supply Depot  
  62  8:22  Command Center  
  62  8:29  Marine x5, SCV x2  
  69  8:59  SCV  
  69  9:02  Missile Turret  
  70  9:10  Supply Depot  
  70  9:11  Missile Turret  
  70  9:12  Widow Mine, Viking x2  
  70  9:13  Supply Depot  
  76  9:17  Supply Depot  
  66  9:40  Marine, Widow Mine  
  66  9:41  Concussive Shells  
  69  10:09  Widow Mine  
  69  10:14  Missile Turret  
  69  10:18  SCV x2  
  71  10:22  Orbital Command  
  71  10:24  Combat Shields  
  71  10:26  Command Center  
  71  10:28  Marine x4  
  71  10:29  Marine  
  71  10:30  SCV  
  71  10:31  SCV  
  78  10:36  Barracks  
  78  10:39  Barracks  
  78  10:42  Barracks  
  78  10:43  SCV x2  
  78  10:46  Marine x4  
  84  10:50  Widow Mine  
  86  10:58  Refinery  
  86  10:59  SCV  
  86  11:00  SCV x2, Refinery  
  89  11:10  Marine x5  
  94  11:11  SCV  
  94  11:12  SCV  
  94  11:18  Medivac x2  
  100  11:27  Marine  
  100  11:28  Marine  
  100  11:29  Refinery  
  100  11:32  Refinery  
  102  11:38  Barracks Reactor  
  102  11:39  Barracks Reactor x2, Starport  
  101  11:48  Orbital Command  
  101  11:50  SCV x3  
  104  12:06  Marine x2  
  104  12:07  Marine x3  
  109  12:17  Marine  
  109  12:18  Marine x2  
  109  12:19  Marine x3  
  107  12:24  Marine x3  
  107  12:25  Marine x2  
  101  12:35  Marine  
  101  12:36  Marine x3  
  101  12:37  Marine x2  
  104  12:42  Marine x5  
  109  12:53  Marine  
  109  12:54  Marine  
  109  12:57  Marine x4  
  115  13:00  Marine x3  
  118  13:23  SCV x2  
  118  13:24  SCV x2  
  121  13:33  Marine x3  
  121  13:34  Marine x7  
  119  13:35  SCV x2  
  119  13:36  SCV  
  126  13:51  Marine x4  
  126  13:52  Marine x2  
  126  13:53  Supply Depot  
  116  14:09  SCV x2  
  104  14:10  SCV x2  
  103  14:26  Marine x6  
  103  14:27  Marine x5  
  110  14:50  Marine x3  
  110  14:51  Marine x8  
  118  15:08  Marine  
  118  15:34  Marine  
  118  15:35  Marine x6  
  123  15:36  Marine x2  
Tags
 
Add a new tag
Caveats
  • Supply blocks, unpowered buildings, or Contaminate may cause inaccurate times.
  • Supply counts are checked every 10 seconds.